 Dungeon Crawl Stone Soup version 0.30-a0-469-g84de5afbc5 (webtiles) character file.

Game seed: 8610860132129326290

170 brightshaft the Slasher (level 5, -5/31 (32) HPs)
             Began as a Tengu Gladiator on Dec 19, 2022.
             Killed by divine providence
             ... invoked by an orc priest
              (8 damage)
             ... on level 4 of the Dungeon.
             The game lasted 00:08:47 (3001 turns).

brightshaft the Slasher (Tengu Gladiator)           Turns: 3001, Time: 00:08:47

HP:   -5/31 (32)    AC:  6    Str: 14    XL:     5   Next: 50%
MP:   6/6           EV: 17    Int:  8    God:
Gold: 144           SH:  0    Dex: 24    Spells: 4/4 levels left

rFire   . . .      SeeInvis .    a - +0 long sword
rCold   . . .      Faith    .    (no shield)
rNeg    . . .      Spirit   .    b - +0 leather armour
rPois   .          Reflect  .    c - +0 hat
rElec   .          Harm     .    h - +0 cloak
rCorr   .          Rampage  .    f - +1 pair of gloves
Will    .....                    (boots unavailable)
Stlth   ++........               (no amulet)
HPRegen 0.25/turn                u - +6 ring of dexterity
MPRegen 0.10/turn                (no ring)

@: flying quickly and evasively, lightly drained, quick
A: beak, talons 3, nimble flight
a: no special abilities


You were on level 4 of the Dungeon.
You visited 1 branch of the dungeon, and saw 4 of its levels.

You collected 952 gold pieces.
You spent 808 gold pieces at shops.

Inventory:

Hand Weapons
 a - a +0 long sword (weapon)
 g - a +0 sling
 s - a +1 dagger of venom
Missiles
 d - 3 throwing nets (quivered)
 e - 4 javelins
 r - 6 boomerangs of dispersal
 v - 4 poisoned darts
Armour
 b - a +0 leather armour (worn)
 c - a +0 hat (worn)
 f - a +1 pair of gloves (worn)
 h - a +0 cloak (worn)
 p - a +0 ring mail
Jewellery
 u - a +6 ring of dexterity (left hand)
Scrolls
 k - a scroll of magic mapping
 n - 2 scrolls of summoning
 q - 2 scrolls of teleportation {@r4}
 t - a scroll of acquirement
Potions
 i - 2 potions of haste {@q3}
 j - 3 potions of brilliance
 l - 2 potions of heal wounds {@q2}
 m - 3 potions of curing {@q1}
 o - a potion of might


   Skills:
 + Level 3.1 Fighting
 * Level 4.9 Long Blades
 - Level 2.7 Throwing
 + Level 4.2 Dodging


You had 4 spell levels left.
You didn't know any spells.
Your spell library contained the following spells:

 Spells                   Type           Power      Damage    Failure   Level
 Sandblast                Erth           0%         2d4       50%         1
 Slow                     Hex            0%         N/A       50%         1
 Blink                    Tloc           0%         N/A       63%         2
 Momentum Strike          Conj/Tloc      0%         3d8       63%         2
 Passwall                 Tmut/Erth      0%         N/A       63%         2
 Dazzling Flash           Conj/Hex       0%         N/A       86%         3
 Inner Flame              Hex/Fire       0%         N/A       86%         3
 Lesser Beckoning         Tloc           0%         N/A       86%         3
 Stone Arrow              Conj/Erth      0%         3d7       86%         3


Dungeon Overview and Level Annotations

Branches:
Dungeon (4/15)
 Temple: D:4-7

Altars:

Shops:
D:2 ?!?:   D:3 (


Innate Abilities, Weirdness & Mutations

You have a beak for a mouth.
You have claws for feet.
Your magical nature lets you fly swiftly and evasively.


Message History

There is an open door here.
You reach down and open the door.
There is an open door here.
As you open the door, it creaks loudly!
An orc priest and an orc come into view.
The orc priest is wielding a +1 flail of draining.
The orc priest shouts!
The orc shouts!
You hear a shout! x2
You hear an angry hiss.
You hear a shout!
The orc priest mumbles some strange prayers to Beogh against you.
Beogh smites you!
You hear a shout!
You are too injured to fight recklessly!
A ball python and 3 orcs come into view.
The orc shouts! x3
The orc closely misses you.
There is an open door here.
You hit the orc. You peck the orc.
The orc is severely wounded.
A quokka comes into view.
The orc priest hits you with a +1 flail of draining.
You feel drained. The orc barely misses you.
You hit the orc.
You kill the orc!
The orc priest invokes the aid of Beogh against you.
Beogh smites you!
Ouch! That really hurt!
* * * LOW HITPOINT WARNING * * *
A goblin comes into view. It is wielding a +0 club.
The orc priest misses you. The orc barely misses you.
You barely miss the orc priest.
You peck the orc priest, but do no damage.
The orc priest barely misses you. The orc barely misses you.
You hit the orc priest. You claw the orc priest.
The orc priest is heavily wounded.
The orc priest misses you. The orc completely misses you.
You closely miss the orc priest. You claw the orc priest.
The orc priest is severely wounded.
The orc priest invokes the aid of Beogh against you.
Beogh smites you!
You die...

.#.....#....#....#........#
.#.....#....##'############
.'.....#..............
##.....'..............
##.....#..............
##.....#..............
.......#....##'#####..
.......#....#..^#o.# .
##.....#....#...@oS#
.#.....#....#####o.#
.'.....#....# o.# .#####+#.
..# ......... g.# #........
..# #........ ..# #........
..# ########.


You could see an orc priest, 3 orcs, a goblin and a ball python.

Vanquished Creatures
  5 adders
  An ufetubus (D:4)
  4 worms
  4 dart slugs
  5 orcs
  6 ball pythons
  5 bats
  7 endoplasms
  3 giant cockroaches (D:1)
  7 goblins
  11 hobgoblins
  8 jackals (D:1)
  6 kobolds
  5 quokkas
  9 frilled lizards
  3 rats (D:3)
89 creatures vanquished.

Notes
Turn   | Place    | Note
-------+----------+-------------------------------------------
     0 | D:1      | brightshaft the Tengu Gladiator began the quest for the
                  | Orb.
     0 | D:1      | Reached XP level 1. HP: 12/12 MP: 2/2
    85 | D:1      | Reached XP level 2. HP: 14/17 MP: 3/3
   219 | D:1      | Reached XP level 3. HP: 14/21 MP: 4/4
   886 | D:2      | Found Laitzef's Book Boutique.
   934 | D:2      | Reached XP level 4. HP: 27/27 MP: 5/5
   946 | D:2      | Found Ikloz's Magic Scroll Shoppe.
   994 | D:2      | Identified a scroll of acquirement
   994 | D:2      | Acquired 841 gold pieces
  1086 | D:2      | Got the Compendium of Glamour
  1539 | D:2      | Found Lyloill Wawn's Distillery.
  1547 | D:2      | Bought a potion of heal wounds for 60 gold pieces
  1547 | D:2      | Bought a potion of curing for 36 gold pieces
  1547 | D:2      | Bought a potion of curing for 36 gold pieces
  1710 | D:2      | Found Othrom's Magic Scroll Shop.
  1722 | D:2      | Bought a scroll of acquirement for 676 gold pieces
  2294 | D:3      | Gained mutation: Your magical nature lets you fly swiftly
                  | and evasively. [Tengu growth]
  2294 | D:3      | Reached XP level 5. HP: 29/32 MP: 6/6
  2495 | D:3      | Found Tylil's Weapon Shoppe.
  2903 | D:4      | Identified the +4 sling of Qargheish {flame, Will+}
  3001 | D:4      | Killed from afar by an orc priest

Illustrated notes

Levels and vault maps discovered:
D:1:      tarquinn_simple_flora_water_e, layout_loops_ring,
          grunt_decor_junction, minmay_worlds_worst_comb
D:2:      layout_basic, serial_shops, nicolae_shop_stone, shop,
          nicolae_shop_behind_doors, shop_fountains, minmay_pentomino_z4
D:3:      layout_basic, serial_shops, shop
D:4:      layout_gridville, minmay_temple_entry_junction, serial_shops,
          kennysheep_little_box

Skill      XL: |  1  2  3  4  5 |
---------------+----------------+-----
Long Blades    | 4 |  4.9
Dodging        | 4 |  4.2
Fighting       | 3 |  3.1
Throwing       | |  2.7

Action                   |  1- 3 |  4- 6 || total
-------------------------+-------+-------++-------
Melee: Long sword        |    69 |    95 ||   164
       Kick              |    21 |    28 ||    49
       Peck              |     5 |    21 ||    26
  Use: Scroll            |       |    11 ||    11
 Stab: Sleeping          |     1 |     2 ||     3
Armor: Leather armour    |    16 |    29 ||    45
Dodge: Dodged            |    53 |    79 ||   132

Table legend: (Time is in decaauts)
 A = Elapsed time spent in this place.
 B = Non-inter-level travel time spent in this place.
 C = Inter-level travel time spent in this place.
 D = Time resting spent in this place.
 E = Time spent auto-exploring this place.
 F = Levels seen in this place.
 G = Mean time per level.
                   A        B        C        D        E       F      G
               +--------+--------+--------+--------+--------+-----+--------+
         Total |   2980 |   2911 |     69 |      0 |   2331 |   4 |  745.0 |
       Dungeon |   2980 |   2911 |     69 |      0 |   2331 |   4 |  745.0 |
               +--------+--------+--------+--------+--------+-----+--------+

Top non-repeatable levels by time:
     D:2: 1085 daAuts
     D:1: 899 daAuts
     D:3: 643 daAuts
     D:4: 352 daAuts
